 Dungeon Crawl Stone Soup version 0.30-a0-591-g3c58d2bc28 (webtiles) character file.

Game seed: 11992844686103754580

56 wormed the Vexing (level 3, 0/26 HPs)
             Began as a Gnoll Wanderer on Jan 5, 2023.
             Frozen to death by an endoplasm (2 damage)
             ... on level 4 of the Dungeon.
             The game lasted 00:07:08 (2516 turns).

wormed the Vexing (Gnoll Wanderer)                  Turns: 2516, Time: 00:07:09

Health: 0/26       AC:  6    Str: 11    XL:     3   Next: 95%
Magic:  9/9        EV: 24    Int: 13    God:
Gold:   969        SH:  0    Dex: 11    Spells: 11/12 levels left

rFire   . . .      SeeInvis .      - Unarmed
rCold   . . .      Faith    .    (no shield)
rNeg    + . .      Spirit   .    b - +0 scale mail
rPois   .          Reflect  .    (no helmet)
rElec   .          Harm     .    (no cloak)
rCorr   .          Rampage  .    (no gloves)
Will    .....                    (no boots) Stlth
                                 g - amulet of the acrobat
HPRegen 0.24/turn                e - ring of positive energy
MPRegen 0.11/turn                (no ring)

@: acrobatic
A: fangs 1, strong nose, distributed training
a: no special abilities


You were on level 4 of the Dungeon.
You visited 1 branch of the dungeon, and saw 4 of its levels.

You collected 969 gold pieces.

Inventory:

Hand Weapons
 a - a +0 club
 c - a +0 dagger
Armour
 b - a +0 scale mail (worn)
Jewellery
 e - a ring of positive energy (left hand)
 g - an amulet of the acrobat (around neck)


   Skills:
 + Level 1.0 Fighting
 + Level 1.0 Short Blades
 + Level 1.0 Long Blades
 + Level 1.0 Axes
 + Level 1.0 Maces & Flails
 + Level 1.0 Polearms
 + Level 1.0 Staves
 + Level 1.0 Ranged Weapons
 + Level 1.0 Throwing
 + Level 2.7 Armour
 + Level 2.7 Dodging
 + Level 1.0 Stealth
 + Level 1.0 Shields
 + Level 1.0 Unarmed Combat
 + Level 5.0 Spellcasting
 + Level 0.7 Conjurations
 + Level 7.1 Hexes
 + Level 0.7 Summonings
 + Level 0.7 Necromancy
 + Level 0.7 Translocations
 + Level 0.7 Transmutations
 + Level 0.7 Fire Magic
 + Level 0.7 Ice Magic
 + Level 0.7 Air Magic
 + Level 0.7 Earth Magic
 + Level 0.7 Poison Magic
 + Level 1.1 Invocations
 + Level 4.6 Evocations


You had 11 spell levels left.
You knew the following spells:

 Your Spells              Type           Power      Damage    Failure   Level
a - Slow                  Hex            84%        N/A       5%          1

Your spell library contained the following spells:

 Spells                   Type           Power      Damage    Failure   Level
 Confusing Touch          Hex            21%        N/A       17%         3
 Ensorcelled Hibernation  Hex/Ice        26%        N/A       30%         2
 Inner Flame              Hex/Fire       13%        N/A       52%         3
 Summon Guardian Golem    Hex/Summ       13%        N/A       52%         3
 Kiss of Death            Conj/Necr      20%        2d7       58%         1
 Summon Small Mammal      Summ           20%        N/A       58%         1
 Call Canine Familiar     Summ           5%         N/A       92%         3
 Gell's Gravitas          Tloc           5%         N/A       92%         3
 Teleport Other           Tloc           5%         N/A       92%         3
 Dispel Undead            Necr           5%         3d7       100%        4
 Olgreb's Toxic Radiance  Pois           5%         N/A       100%        4
 Dispersal                Tloc           2%         N/A       100%        6
 Ozocubu's Refrigeration  Ice            2%         4d8       100%        7
 Ignition                 Fire           2%         3d3       100%        8


Dungeon Overview and Level Annotations

Branches:
Dungeon (4/15)
 Temple: D:4-7

Altars:
Sif Muna

Annotations:
D:3 Grinder


Innate Abilities, Weirdness & Mutations

You have very sharp teeth.
Your uncanny sense of smell can sniff out nearby items.
Your experience applies equally to all skills.


Message History

The white imp gestures at you. The puff of frost hits you.
Found a scroll of teleportation.
You see here 18 gold pieces.
The hobgoblin attacks as you move away!
The hobgoblin hits you but does no damage.
A goblin comes into view. It is wielding a +0 club.
The goblin shouts!
The dart slug launches a dart at you. The slug dart misses you.
The hobgoblin attacks as you move away! The hobgoblin completely misses you.
A quokka comes into view.
The goblin misses you.
You hit the quokka.
The quokka is almost dead.
The quokka bites you but does no damage.
The goblin hits you but does no damage. The hobgoblin hits you.
* * * LOW HITPOINT WARNING * * *
The dart slug briefly extends its eye-stalks.
The dart slug launches a dart at you. The slug dart hits you.
* * * LOW HITPOINT WARNING * * *
The goblin attacks as you move away! The goblin barely misses you.
The quokka misses you. The quokka misses you.
The goblin attacks as you move away! The goblin closely misses you.
The quokka completely misses you. The quokka attacks as you move away!
The quokka misses you. The quokka attacks as you move away!
The quokka misses you.
You open the door. The quokka completely misses you.
The quokka bites you but does no damage.
Found a shimmering blue altar of Sif Muna.
There is an open door here.
There is a shimmering blue altar of Sif Muna here.
You open the door. The hobgoblin completely misses you. The hobgoblin hits you.
* * * LOW HITPOINT WARNING * * *
The endoplasm freezes you.
You are frozen.
You die...

######## #### #...... .#
######... #...... ..#
#......# #.....###.#
#.##.#.# .##....rg@J.##
#.##..## .......5###..#
#....## #
.............#####.$##..:.
.......5.g....?.......##.#
#................w.#...# #
###..........>.....#..#.#
#####+#...............#
#......#......#.##..
#......#......#.# ...


You could see a white imp, an endoplasm, a quokka and a hobgoblin.

Vanquished Creatures
  An adder (D:2)
  A dart slug (D:1)
  A worm (D:2)
  5 ball pythons
  4 endoplasms
  A giant cockroach (D:1)
  5 goblins
  3 hobgoblins
  5 jackals (D:1)
  A kobold (D:2)
  A quokka (D:2)
  6 bats
  2 frilled lizards (D:1)
  3 rats
39 creatures vanquished.

Notes
Turn   | Place    | Note
-------+----------+-------------------------------------------
     0 | D:1      | wormed the Gnoll Wanderer began the quest for the Orb.
     0 | D:1      | wormed set off with the following items: a +0 club, a +0
                  | scale mail, a potion of berserk rage, a scroll of fog; and
                  | the following spell memorised: Slow; and the following
                  | spells available to memorise: Ensorcelled Hibernation,
                  | Inner Flame.
     0 | D:1      | Reached XP level 1. HP: 13/13 MP: 6/6
   231 | D:1      | Reached XP level 2. HP: 19/19 MP: 7/7
   937 | D:1      | Reached skill level 5 in Spellcasting
   937 | D:1      | Reached XP level 3. HP: 25/25 MP: 7/9
  1407 | D:2      | Reached skill level 1 in Invocations
  1618 | D:1      | Identified a scroll of acquirement
  1618 | D:1      | Acquired 916 gold pieces
  1829 | D:2      | Reached skill level 1 in Fighting
  1829 | D:2      | Reached skill level 1 in Short Blades
  1829 | D:2      | Reached skill level 1 in Long Blades
  1829 | D:2      | Reached skill level 1 in Axes
  1829 | D:2      | Reached skill level 1 in Maces & Flails
  1829 | D:2      | Reached skill level 1 in Polearms
  1829 | D:2      | Reached skill level 1 in Staves
  1829 | D:2      | Reached skill level 1 in Ranged Weapons
  1829 | D:2      | Reached skill level 1 in Throwing
  1829 | D:2      | Reached skill level 1 in Stealth
  1829 | D:2      | Reached skill level 1 in Shields
  1829 | D:2      | Reached skill level 1 in Unarmed Combat
  2153 | D:3      | Noticed Grinder
  2166 | D:3      | Paralysed by Grinder for 3 turns
  2190 | D:3      | Paralysed by Grinder for 3 turns
  2512 | D:4      | Found a shimmering blue altar of Sif Muna.
  2516 | D:4      | Frozen to death by an endoplasm

Illustrated notes

Levels and vault maps discovered:
D:1:      wheals_arrival_shading, layout_basic, minmay_tromino_v4_c
D:2:      layout_loops_ring
D:3:      layout_loops_cross, makhleb_altar_promises_db,
          nicolae_overflow_hidden_temple, basic_ecumenical_altar, uniq_grinder
D:4:      layout_basic, mainiacjoe_overflow_alcove_2, kennysheep_mini,
          serial_shops, nicolae_shop_advertising_works
          [nicolae_subvault_shop_adworks], grunt_ministairs_10,
          minmay_manual_monstrance

Skill      XL: |  1  2  3 |
---------------+----------+-----
Spellcasting   | 5 |  5.0
Invocations    | 1 |  1.1
Fighting       | 1 |  1.0
Short Blades   | 1 |  1.0
Long Blades    | 1 |  1.0
Axes           | 1 |  1.0
Maces & Flails | 1 |  1.0
Polearms       | 1 |  1.0
Staves         | 1 |  1.0
Ranged Weapons | 1 |  1.0
Throwing       | 1 |  1.0
Stealth        | 1 |  1.0
Shields        | 1 |  1.0
Unarmed Combat | 1 |  1.0
Armour         | |  2.7
Dodging        | |  2.7
Conjurations   | |  0.7
Hexes          | |  7.1
Summonings     | |  0.7
Necromancy     | |  0.7
Translocations | |  0.7
Transmutations | |  0.7
Fire Magic     | |  0.7
Ice Magic      | |  0.7
Air Magic      | |  0.7
Earth Magic    | |  0.7
Poison Magic   | |  0.7
Evocations     | |  4.6

Action                   || total
-------------------------++-------
Melee: Club              ||    62
       Bite              ||    24
       Dagger            ||   203
       Unarmed           ||    44
 Cast: Slow              ||     1
  Use: Potion            ||     4
       Scroll            ||     9
Armor: Scale mail        ||   204
       Skin              ||     6
Dodge: Dodged            ||   247

Table legend: (Time is in decaauts)
 A = Elapsed time spent in this place.
 B = Non-inter-level travel time spent in this place.
 C = Inter-level travel time spent in this place.
 D = Time resting spent in this place.
 E = Time spent auto-exploring this place.
 F = Levels seen in this place.
 G = Mean time per level.
                   A        B        C        D        E       F      G
               +--------+--------+--------+--------+--------+-----+--------+
         Total |   2536 |   2455 |     81 |     76 |   1534 |   4 |  634.0 |
       Dungeon |   2536 |   2455 |     81 |     76 |   1534 |   4 |  634.0 |
               +--------+--------+--------+--------+--------+-----+--------+

Top non-repeatable levels by time:
     D:1: 1296 daAuts
     D:2: 968 daAuts
     D:3: 193 daAuts
     D:4: 78 daAuts
